 Dungeon Crawl Stone Soup version bcrawl-1.31 (webtiles) character file.

Game seed: 8842210214843261270

89279 AtilaTheSponge the Conjurer (level 2, -2/15 HPs)
             Began as a Skeleton Conjurer on Mar 24, 2021.
             Killed from afar by Sigmund (6 damage)
             ... with a magic dart
             ... on level 2 of the Dungeon.
             The game lasted 00:04:15 (1126 turns).

AtilaTheSponge the Conjurer (Skeleton Conjurer)     Turns: 1126, Time: 00:04:15

Health: -2/15      AC:  2    Str: 14    XL:     2   Next: 68%
Magic:  0/6        EV: 12    Int: 13    God:
Gold:   79         SH:  0    Dex:  9    Spells: 6/7 levels left

rFire    . . .     SeeInvis .     - Fists (3.3)
rCold    + . .     Gourm    .   (no shield)
rNeg     + + +     Faith    .   a - +0 robe
rPois    ∞         Spirit   +   (no helmet)
rElec    .         Reflect  .   (no cloak)
rCorr    .         Harm     .   (no gloves)
MR       .....                  (no boots)
Stlth    ++........             (no amulet)
HPRegen  0.05/turn              (no ring)
MPRegen  0.10/turn              (no ring)

@: no status effects
A: no food or potions, cold resistance 1, deterioration 1, negative energy
resistance 3, torment resistance, unbreathing, magic shield, sturdy frame 1,
spell healing
a: no special abilities


You were on level 2 of the Dungeon.
You were not hungry.

You visited 1 branch of the dungeon, and saw 2 of its levels.

You collected 79 gold pieces.

Inventory:

Armour
 a - a +0 robe (worn)
Scrolls
 b - a scroll of amnesia {unknown}
 d - a scroll of magic mapping {unknown}
 i - a scroll of identify
Potions
 c - 2 potions of heal wounds {unknown}
Comestibles
 e - a ration {!d}


   Skills:
 + Level 2.1 Dodging
 - Level 2.4 Stealth
 * Level 3.2 Spellcasting
 + Level 5.6 Conjurations


You had 6 spell levels left.
You knew the following spells:

 Your Spells              Type           Power        Failure   Level  Hunger
a - Magic Dart            Conj           ###.         2%          1    N/A

Your spell library contained the following spells:

 Spells                   Type           Power        Failure   Level  Hunger
 Searing Ray              Conj           ###.....     3%          2    N/A
 Iskenderun's Mystic Bla  Conj           ###.....     6%          3    N/A
 Fulminant Prism          Conj/Hex       #.........   56%         4    N/A
 Irradiate                Conj/Tmut      #.........   89%         5    N/A

Dungeon Overview and Level Annotations

Branches:
Dungeon (2/12)

Altars:

Annotations:
D:2 Sigmund


Innate Abilities, Weirdness & Mutations

You do not eat or drink.
You are immune to poison.
Your flesh is cold resistant. (rC+)
Your body sometimes deteriorates upon taking damage.
You are immune to negative energy. (rN+++)
You are immune to unholy pain and torment.
You can survive without breathing.
When hurt, damage is shared between your health and your magic reserves.
Your movements are slightly less encumbered by armour. (ER -2)
Casting spells heals you.


Message History

Press: ? - help, Shift-Dir - straight line, f/p - Sigmund
Aim: Sigmund, wielding a +0 scythe and wearing a +0 robe (heavily wounded)
The magic dart hits Sigmund.
Sigmund is heavily wounded.
Sigmund barely misses you.
Sigmund hits you from afar with a +0 scythe!
Ouch! That really hurt!
Sigmund miscasts a cantrip.
Sigmund mumbles some strange words.
Sigmund flickers and vanishes!
Deactivating autopickup; reactivate with Ctrl-A.
Something tries to affect you, but you resist.
You are confused.
You feel less confused.
A magic dart appears from out of thin air!
The magic dart hits you.
* * * LOW HITPOINT WARNING * * *
A magic dart appears from out of thin air!
The magic dart hits you!
You die...

### #.# #.######.#
#.....<..#
#.######.#####
#.....# #
#####'####.## ###
#..@.......# #..
#.....{###########..
#................#..
#.....#.............
####.......#####.#..
######..# #.#.. #..#
..#.. #..# ...###
#..# ....#


There were no monsters in sight!

Vanquished Creatures
  A leopard gecko (D:1)
  4 hobgoblins (D:1)
  4 kobolds
  A quokka (D:1)
  4 bats (D:1)
  2 goblins (D:1)
  4 rats (D:1)
20 creatures vanquished.

Vanquished Creatures (others)
  7 toadstools (D:2)
7 creatures vanquished.

Grand Total: 27 creatures vanquished

Notes
Turn   | Place    | Note
-------+----------+-------------------------------------------
     0 | D:1      | AtilaTheSponge the Skeleton Conjurer began the quest for
                  | the Orb.
     0 | D:1      | Reached XP level 1. HP: 10/10 MP: 4/4
    81 | D:1      | Reached skill level 5 in Conjurations
   180 | D:1      | Reached XP level 2. HP: 15/15 MP: 4/6
   941 | D:2      | Noticed Sigmund
  1126 | D:2      | Killed from afar by Sigmund

Skill      XL: |  1 |
---------------+----+-----
Conjurations   | 5 |  5.6
Dodging        | |  2.1
Stealth        | |  2.4
Spellcasting   | |  3.2

Action                   || total
-------------------------++-------
Melee: Unarmed           ||     2
 Cast: Magic Dart        ||    49
Dodge: Dodged            ||     6
